 Dungeon Crawl Stone Soup version 0.27.0-1-g7a089689b8 (webtiles) character file.

Game seed: 16937230696683466531

67 Sin92 the Skirmisher (level 3, 0/29 HPs)
             Began as a Demonspawn Fighter on Aug 15, 2021.
             Slain by a hobgoblin (2 damage)
             ... on level 2 of the Dungeon.
             The game lasted 00:01:05 (1404 turns).

Sin92 the Skirmisher (Demonspawn Fighter)           Turns: 1404, Time: 00:01:06

Health: 0/29       AC:  6    Str: 16    XL:     3   Next: 98%
Magic:  3/3        EV:  7    Int:  9    God:
Gold:   39         SH:  9    Dex: 13    Spells: 2/2 levels left

rFire    . . .     SeeInvis .   a - +0 war axe
rCold    . . .     Faith    .   c - +0 kite shield
rNeg     . . .     Spirit   .   b - +0 scale mail
rPois    .         Reflect  .   (no helmet)
rElec    .         Harm     .   (no cloak)
rCorr    .         Rampage  .   (no gloves)
Will     .....                  (no boots)
Stlth    ..........             (no amulet)
HPRegen  0.09/turn              (no ring)
MPRegen  0.08/turn              (no ring)

@: mighty, lethally poisoned (0 -> -13)
A: hooves 1, powered by pain 1
a: no special abilities


You were on level 2 of the Dungeon.
You visited 1 branch of the dungeon, and saw 2 of its levels.

You collected 39 gold pieces.

Inventory:

Hand Weapons
 a - a +0 war axe (weapon)
Armour
 b - a +0 scale mail (worn)
 c - a +0 kite shield (worn)
Jewellery
 g - an amulet of faith
Scrolls
 f - a scroll of noise {unknown}
 h - a scroll of enchant weapon {unknown}
Potions
 e - a potion of resistance {unknown}


   Skills:
 + Level 3.3 Fighting
 * Level 2.6 Axes
 + Level 3.0 Armour
 + Level 1.1 Dodging
 + Level 3.0 Shields


You had 2 spell levels left.
You didn't know any spells.
Your spell library was empty.

Dungeon Overview and Level Annotations

Branches:
Dungeon (2/15)

Altars:


Innate Abilities, Weirdness & Mutations

You have large cloven feet.
You sometimes gain a little power by taking damage.


Message History

The adder bites you.
You are lethally poisoned!
The adder poisons you! The adder bites you but does no damage.
The hobgoblin closely misses you. You block the adder's attack.
The endoplasm freezes you.
You are frozen.
The adder bites you but does no damage.
The hobgoblin hits you but does no damage.
You are too injured to fight recklessly!
Unknown command.
There is a lethal amount of poison in your body!
You are too injured to fight recklessly!
Unknown command.
There is a lethal amount of poison in your body!
You are too injured to fight recklessly!
You are too injured to fight recklessly!
Unknown command.
There is a lethal amount of poison in your body!
You are too injured to fight recklessly!
You feel very mighty all of a sudden.
* * * LOW HITPOINT WARNING * * *
You feel very sick. You block the adder's attack.
The endoplasm barely misses you. The adder barely misses you.
The hobgoblin barely misses you. The adder bites you.
* * * LOW HITPOINT WARNING * * *
You hit the endoplasm. You kick the endoplasm.
You kill the endoplasm!
You closely miss the hobgoblin. You slash the adder!
You kill the adder!
You closely miss the adder.
* * * LOW HITPOINT WARNING * * *
You feel very sick. The bat hits you but does no damage. The adder bites you.
* * * LOW HITPOINT WARNING * * *
You are more poisoned.
The adder poisons you! The adder bites you but does no damage.
You block the hobgoblin's attack. The kobold hits you but does no damage.
The adder bites you but does no damage. You block the adder's attack.
The hobgoblin hits you.
You die...

..####..#..#.# .# ...#
#..<....#####.# #. ...#
#...#.........##... ...#
#..............#.#
##<#####................
####...............#...
#.###......!gS.....# ###
#.# #..#####KSJ###b ..#
#.# ##.# #@#.# #.# #.#
#.#


#gSb# #.###.# #.# #.#.... #.....# ... ..#.K#... ####.†## #.. #.. ..... #..<# ##.
#.. ...# ####.###.# ... .... .........# #... .... ......#### You could see 2
adders, an endoplasm, a hobgoblin, a goblin, a bat, a ball python and 2 kobolds.

Vanquished Creatures
  3 adders (D:2)
  A worm (D:2)
  A dart slug (D:1)
  3 endoplasms (D:2)
  2 giant cockroaches (D:1)
  3 goblins (D:1)
  5 hobgoblins (D:1)
  3 jackals
  7 kobolds
  2 quokkas (D:1)
  3 ball pythons
  4 bats (D:1)
  5 frilled lizards
  4 rats (D:1)
46 creatures vanquished.

Notes
Turn   | Place    | Note
-------+----------+-------------------------------------------
     0 | D:1      | Sin92 the Demonspawn Fighter began the quest for the Orb.
     0 | D:1      | Reached XP level 1. HP: 18/18 MP: 1/1
   268 | D:1      | Gained mutation: You sometimes gain a little power by
                  | taking damage. [demonic ancestry]
   268 | D:1      | Reached XP level 2. HP: 21/24 MP: 2/2
   823 | D:1      | Gained mutation: You have large cloven feet. [demonic
                  | ancestry]
   823 | D:1      | Reached XP level 3. HP: 29/29 MP: 3/3
   871 | D:1      | Found a faded altar of an unknown god.
  1019 | D:2      | Reached skill level 1 in Dodging
  1404 | D:2      | Slain by a hobgoblin

Illustrated notes

Levels and vault maps discovered:
D:1:      minmay_arrival_glassed_features, layout_rooms,
          dreamdust_ecumenical_altar_statues, kennysheep_flooded_box
D:2:      layout_basic, minmay_fractal_squares_5

Skill      XL: |  1  2  3 |
---------------+----------+-----
Axes           | 2 |  2.6
Armour         | 3 |  3.0
Dodging        | 1 |  1.1
Shields        | 3 |  3.0
Fighting       | |  3.3

Action                   || total
-------------------------++-------
Melee: War axe           ||   119
       Kick              ||     7
  Use: Potion            ||     1
Armor: Scale mail        ||    89
Dodge: Dodged            ||    64
Block: Kite shield       ||    74
